 Dungeon Crawl Stone Soup version 0.19.0-16-g73b5abf (webtiles) character file.

739 Bekkur the Conjurer (level 7, 0/46 HPs)
             Began as a Demonspawn Fire Elementalist on Nov 10, 2016.
             Was an Initiate of Qazlal.
             Slain by a gnoll
             ... wielding a +1 flail of holy wrath
              (3 damage)
             ... on level 5 of the Dungeon.
             The game lasted 00:18:25 (4655 turns).

Bekkur the Conjurer (Demonspawn Fire Elementalist)  Turns: 4655, Time: 00:18:26

Health: 0/46       AC:  3    Str:  8    XL:     7   Next: 46%
Magic:  1/11       EV: 12    Int: 17    God:    Qazlal [......]
Gold:   212        SH:  0    Dex: 15    Spells: 3 memorised, 3 levels left

rFire  . . .     SeeInvis .     y - +2 war axe (elec)
rCold  + . .     Gourm    .     r - +0 robe {rC+}
rNeg   . . .     Faith    .     (no shield)
rPois  .         Spirit   .     (no helmet)
rElec  .         Reflect  .     g - +0 cloak
rCorr  .         Harm     .     (no gloves)
MR     .....                    (no boots)
Stlth  +++.......               (no amulet)
                                q - ring of wizardry
                                m - ring of wizardry

@: very slightly contaminated, hasted, very quick
A: claws 1, talons 1, demonic guardian 2, mutation resistance 1, nightstalker 1
a: Renounce Religion


You were on level 5 of the Dungeon.
You worshipped Qazlal.
Qazlal was noncommittal.
You were hungry.

You visited 2 branches of the dungeon, and saw 6 of its levels.

You collected 212 gold pieces.

Inventory:

Hand Weapons
 y - a +2 war axe of electrocution (weapon)
 D - a +1 scythe of venom
Missiles
 u - 7 tomahawks of returning (quivered)
Armour
 g - a +0 cloak (worn)
 r - a +0 robe of cold resistance (worn)
Jewellery
 m - a ring of wizardry (left claw)
 q - a ring of wizardry (right claw)
Wands
 v - a wand of flame (18/48)
Scrolls
 d - a scroll of recharging
 e - 4 scrolls of remove curse
 h - a scroll of blinking {unknown}
 k - a scroll of teleportation
 l - a scroll of fear {unknown}
 n - a scroll of amnesia {unknown}
 o - a scroll of random uselessness {unknown}
 p - 2 scrolls of enchant weapon
 w - a scroll of fog {unknown}
 z - a scroll of noise {unknown}
 C - a scroll of immolation {unknown}
Potions
 a - a potion of heal wounds {unknown}
 f - 4 potions of might
 s - 2 potions of lignification
 A - 2 potions of flight {unknown}
Books
 b - a book of Flames

   Spells                             Type                      Level
   a - Flame Tongue                   Conjuration/Fire             1
   b - Throw Flame                    Conjuration/Fire             2
   c - Conjure Flame                  Conjuration/Fire             3
   d - Inner Flame                    Hexes/Fire                   3
   e - Sticky Flame                   Conjuration/Fire             4
   f - Fireball                       Conjuration/Fire             5
Comestibles
 c - 3 bread rations
 i - 3 beef jerkies
 x - a slice of pizza


   Skills:
 - Level 1.7 Dodging
 - Level 1.7 Stealth
 - Level 2.6 Spellcasting
 * Level 6.7 Conjurations
 + Level 4.8 Fire Magic


You had 3 spell levels left.
You knew the following spells:

 Your Spells              Type           Power        Failure   Level  Hunger
a - Flame Tongue          Conj/Fire      ###..        1%          1    #......
b - Conjure Flame         Conj/Fire      ###.....     2%          3    ###....
c - Sticky Flame          Conj/Fire      ###.....     5%          4    #####..


Dungeon Overview and Level Annotations

Branches:
Dungeon (5/15)             Temple (1/1) D:4

Altars:
Cheibriados
Dithmenos
Fedhas
Makhleb
Nemelex Xobeh
Okawaru
Qazlal
Ru
Sif Muna
Trog
Vehumet
Xom
Zin

Annotations:
D:2 exclusion: downstairs


Innate Abilities, Weirdness & Mutations

You have sharp fingernails.
You have sharp toenails.
A demonic guardian rushes to your aid.
You are slightly more attuned to the shadows.
You are somewhat resistant to further mutation.


Message History

The sticky flame hits the killer bee zombie.
The killer bee zombie is severely damaged.
The killer bee zombie is covered in liquid flames!
The killer bee zombie burns!
The killer bee zombie barely misses you.
The killer bee zombie burns!
The killer bee zombie hits you!
* * * LOW HITPOINT WARNING * * *
You feel better.
The killer bee zombie burns!
You destroy the killer bee zombie!
Qazlal accepts your kill.
The gnoll hits you with a flail of holy wrath!
* * * LOW HITPOINT WARNING * * *
You convulse.
* * * LOW HITPOINT WARNING * * *
You feel better. The gnoll misses you.
You feel yourself speed up.
The gnoll hits you with a flail of holy wrath!
* * * LOW HITPOINT WARNING * * *
You convulse.
You die...

..... ...!"####### .
...........#### .$ ....
#)###.#..+ ... ....
#.†...#.##....
.....#)##..........
.....#.##.#..##########
......g................
#.####@##.#..####.#####
#.................
..##.#..####.####.
...##.#..##........
....##.#..##.#.####.
....###.......#.# .....
###..####.# #...# #.#
#.#.# #.#


You could see a gnoll.

Vanquished Creatures
  Sigmund (D:5)
  A centaur (D:5)
  A gnoll shaman (D:5)
  2 orc wizards (D:3)
  An iguana (D:5)
  A worker ant (D:4)
  A killer bee zombie (D:5)
  6 adders
  7 gnolls
  A shadow imp (D:4)
  A worm (D:2)
  3 leopard geckos
  14 orcs
  A ball python (D:2)
  8 bats
  8 giant cockroaches
  4 goblins
  6 hobgoblins
  2 jackals (D:1)
  3 quokkas
  2 frilled lizards
  12 kobolds
  A leopard gecko skeleton (D:4)
  A quokka skeleton (D:4)
  5 rats
93 creatures vanquished.

Vanquished Creatures (collateral kills)
  An ice beast (D:5)
  A phantom (D:4)
  A hound (D:5)
  2 orc wizards
  A worm (D:5)
  2 leopard geckos (D:5)
  2 orcs (D:3)
  A bat (D:3)
11 creatures vanquished.

Grand Total: 104 creatures vanquished

Notes
Turn   | Place    | Note
-------+----------+-------------------------------------------
     0 | D:1      | Bekkur the Demonspawn Fire Elementalist began the quest for the Orb.
     0 | D:1      | Reached XP level 1. HP: 13/13 MP: 3/3
    40 | D:1      | Gained mutation: You have sharp fingernails. [demonic ancestry]
    40 | D:1      | Reached XP level 2. HP: 19/19 MP: 0/5
   761 | D:2      | Gained mutation: You have sharp toenails. [demonic ancestry]
   761 | D:2      | Reached XP level 3. HP: 16/24 MP: 1/6
   834 | D:2      | Reached skill level 2 in Conjurations
   885 | D:2      | Learned a level 3 spell: Conjure Flame
  1029 | D:2      | Gained mutation: A weak demonic guardian rushes to your aid. [demonic ancestry]
  1029 | D:2      | Reached XP level 4. HP: 6/30 MP: 0/7
  1643 | D:2      | Reached skill level 3 in Conjurations
  1675 | D:2      | Learned a level 4 spell: Sticky Flame
  2042 | D:3      | Gained mutation: A demonic guardian rushes to your aid. [demonic ancestry]
  2042 | D:3      | Reached XP level 5. HP: 28/35 MP: 0/9
  2255 | D:3      | Reached skill level 4 in Conjurations
  2459 | D:3      | Found a burning altar of Makhleb.
  2863 | D:4      | Found a blossoming altar of Fedhas.
  2896 | D:4      | Gained mutation: You are slightly more attuned to the shadows. [demonic ancestry]
  2896 | D:4      | Reached XP level 6. HP: 17/41 MP: 0/10
  3199 | D:4      | Reached skill level 5 in Conjurations
  3200 | D:4      | Found a staircase to the Ecumenical Temple.
  3204 | Temple   | Entered the Ecumenical Temple
  3243 | Temple   | Became a worshipper of Qazlal Stormbringer
  3469 | D:4      | Gained mutation: You are somewhat resistant to further mutation. [potion of mutation]
  4067 | D:5      | Entered Level 5 of the Dungeon
  4350 | D:5      | Noticed Sigmund
  4350 | D:5      | Noticed an ice beast
  4364 | D:5      | Killed an ice beast
  4364 | D:5      | Reached XP level 7. HP: 46/46 MP: 11/11
  4380 | D:5      | Killed Sigmund
  4380 | D:5      | Reached skill level 6 in Conjurations
  4651 | D:5      | HP: 2/46 [killer bee zombie (8)]
  4655 | D:5      | Slain by a gnoll

Skill      XL: |  1  2  3  4  5  6  7 |
---------------+----------------------+-----
Fire Magic     | 3 4 |  4.8
Conjurations   | 2 3 4 5 6 |  6.7
Dodging        | |  1.7
Stealth        | |  1.7
Spellcasting   | |  2.6

Action                   |  1- 3 |  4- 6 |  7- 9 || total
-------------------------+-------+-------+-------++-------
Melee: Unarmed           |     6 |    40 |       ||    46
       Kick              |       |    15 |     1 ||    16
       War axe           |       |    34 |     7 ||    41
 Cast: Flame Tongue      |    53 |    97 |       ||   150
       Sticky Flame      |       |     1 |     3 ||     4
  Use: Scroll            |       |     9 |       ||     9
       Potion            |       |     2 |     4 ||     6
 Stab: Sleeping          |     1 |     1 |     1 ||     3
       Distracted        |       |     1 |       ||     1
  Eat: Chunk             |     1 |    11 |     1 ||    13
Armor: Robe              |     8 |    26 |       ||    34
Dodge: Dodged            |    20 |    69 |    12 ||   101
